SKY
VANCOUVER CASCADES @ FRESNO FALCONS
08/24/2051
 
TOP OF THE 1ST
Vancouver Cascades batting - Pitching for Fresno Falcons : RHP Reginald Clark
Pitching: RHP Reginald Clark
Batting: LHB Tony Patino 0-0: Ball
1-0: Ball
2-0: Fly out, F6 (Popup, 6MD, EV 48.1 MPH)
Batting: LHB Frank Hare 0-0: Called Strike
0-1: Ball
1-1: Swinging Strike
1-2: Foul Ball, location: 23F
1-2: Strikes out swinging
Batting: LHB Lawrence Carla 0-0: Ball
1-0: Foul Ball, location: 9LMFF
1-1: Ball
2-1: Foul Ball, location: 3DF
2-2: Foul Ball, location: 2F
2-2: Ground out 3-1 (Groundball, 34S, EV 73.8 MPH)
Top of the 1st over - 0 runs, 0 hits, 0 errors, 0 left on base; Vancouver 0 - Fresno 0
BOTTOM OF THE 1ST
Fresno Falcons batting - Pitching for Vancouver Cascades : RHP Hugo Luevano
Pitching: RHP Hugo Luevano
Batting: RHB Zach Pryor 0-0: Foul Ball, location: 2F
0-1: Ball
1-1: Called Strike
1-2: Ground out 5-3 (Groundball, 56, EV 105.0 MPH)
Batting: RHB Aryan Christopherson 0-0: Ball
1-0: Fly out, F8 (Flyball, 8RD, EV 96.3 MPH)
Batting: LHB Juan Oliu 0-0: Ball
1-0: Swinging Strike
1-1: Ball
2-1: Foul Ball, location: 2F
2-2: Foul Ball, location: 2F
2-2: Strikes out swinging
Bottom of the 1st over - 0 runs, 0 hits, 0 errors, 0 left on base; Vancouver 0 - Fresno 0
TOP OF THE 2ND
Vancouver Cascades batting - Pitching for Fresno Falcons : RHP Reginald Clark
Batting: LHB Tony Wichmann 0-0: Fly out, F7 (Line Drive, 7LM, EV 88.1 MPH)
Batting: SHB Beau Koss 0-0: Called Strike
0-1: Ball
1-1: Foul Ball, location: 3F
1-2: Ball
2-2: Strikes out swinging
Batting: RHB Echo Warren 0-0: Called Strike
0-1: Foul Ball, location: 7LSFF
0-2: Ball
1-2: Ball
2-2: Strikes out swinging
Top of the 2nd over - 0 runs, 0 hits, 0 errors, 0 left on base; Vancouver 0 - Fresno 0
BOTTOM OF THE 2ND
Fresno Falcons batting - Pitching for Vancouver Cascades : RHP Hugo Luevano
Batting: LHB Connor Pla 0-0: Foul Ball, location: 25F
0-1: SOLO HOME RUN (Flyball, 9D, EV 98.1 MPH), Distance : 360 ft
Batting: RHB Apolo Tussey 0-0: Called Strike
0-1: Ball
1-1: Ball
2-1: Foul Ball, location: 9LDF
2-2: SINGLE (Groundball, 5L, EV 78.1 MPH) (infield hit)
Batting: RHB Eric Alvares 0-0: Swinging Strike
0-1: Foul Ball, location: 5SF
0-2: Ball
1-2: Ball
2-2: SINGLE (Groundball, 4MD, EV 105.0 MPH)
Apolo Tussey to second
Batting: LHB Everett Hardin 0-0: Called Strike
0-1: Grounds into double play, 3-6-3 (Groundball, 34, EV 107.5 MPH)
Apolo Tussey to third
Batting: RHB José Ángel Ayon 0-0: Ball
1-0: Foul Ball, location: 9LSF
1-1: Ball
2-1: Foul Ball, location: 2F
2-2: Fly out, F3 (Popup, 23F, EV 87.5 MPH)
Bottom of the 2nd over - 1 run, 3 hits, 0 errors, 1 left on base; Vancouver 0 - Fresno 1
TOP OF THE 3RD
Vancouver Cascades batting - Pitching for Fresno Falcons : RHP Reginald Clark
Batting: RHB Andy Kiser 0-0: Ball
1-0: Ball
2-0: Swinging Strike
2-1: Ball
3-1: SINGLE (Line Drive, 9LS, EV 97.5 MPH)
Batting: RHB Jessie Cochran 0-0: Ball
1-0: Grounds into double play, 6-4-3 (Groundball, 6, EV 106.3 MPH)
Batting: LHB Jakob Nero 0-0: Ground out 6-3 (Groundball, 6M, EV 84.4 MPH)
Top of the 3rd over - 0 runs, 1 hit, 0 errors, 0 left on base; Vancouver 0 - Fresno 1
BOTTOM OF THE 3RD
Fresno Falcons batting - Pitching for Vancouver Cascades : RHP Hugo Luevano
Batting: SHB John Wheeler 0-0: Called Strike
0-1: Foul Ball, location: 9LMF
0-2: Foul Ball, location: 5FF
0-2: Fly out, F7 (Flyball, 7S, EV 78.1 MPH)
Batting: RHB Zach Pryor 0-0: Ball
1-0: Foul Ball, location: 2F
1-1: Called Strike
1-2: Ball
2-2: Fly out, F8 (Flyball, 8LM, EV 86.9 MPH)
Batting: RHB Aryan Christopherson 0-0: Ball
1-0: Swinging Strike
1-1: Ball
2-1: Foul Ball, location: 3SF
2-2: Ball
3-2: Foul Ball, location: 9LSF
3-2: Ground out 5-3 (Groundball, 5S, EV 83.8 MPH)
Bottom of the 3rd over - 0 runs, 0 hits, 0 errors, 0 left on base; Vancouver 0 - Fresno 1
TOP OF THE 4TH
Vancouver Cascades batting - Pitching for Fresno Falcons : RHP Reginald Clark
Batting: LHB Tony Patino 0-0: Foul Ball, location: 2F
0-1: Foul Ball, location: 2F
0-2: Foul Ball, location: 3F
0-2: Ball
1-2: Foul Ball, location: 2F
1-2: Foul Ball, location: 9LSF
1-2: Fly out, F8 (Flyball, 8RD, EV 100.6 MPH)
Batting: LHB Frank Hare 0-0: Foul Ball, location: 3F
0-1: Fly out, F7 (Flyball, 7, EV 96.9 MPH)
Batting: LHB Lawrence Carla 0-0: Ball
1-0: Called Strike
1-1: Ball
2-1: Called Strike
2-2: Foul Ball, location: 3FF
2-2: Ball
3-2: Strikes out swinging
Top of the 4th over - 0 runs, 0 hits, 0 errors, 0 left on base; Vancouver 0 - Fresno 1
BOTTOM OF THE 4TH
Fresno Falcons batting - Pitching for Vancouver Cascades : RHP Hugo Luevano
Batting: LHB Juan Oliu 0-0: Called Strike
0-1: Foul Ball, location: 9LMFF
0-2: Foul Ball, location: 7LDF
0-2: Ball
1-2: SINGLE (Flyball, 8RS, EV 93.1 MPH)
Batting: LHB Connor Pla 0-0: Ball
1-0: Foul Ball, location: 2F
1-1: Called Strike
1-2: Strikes out swinging
Batting: RHB Apolo Tussey 0-0: Foul Ball, location: 2F
0-1: Ball
1-1: 2-RUN HOME RUN (Flyball, 7D, EV 98.8 MPH), Distance : 395 ft
Batting: RHB Eric Alvares 0-0: Ground out 3-1 (Groundball, 34, EV 100.0 MPH)
Batting: LHB Everett Hardin 0-0: Fly out, F8 (Flyball, 8RXD, EV 108.8 MPH)
Bottom of the 4th over - 2 runs, 2 hits, 0 errors, 0 left on base; Vancouver 0 - Fresno 3
TOP OF THE 5TH
Vancouver Cascades batting - Pitching for Fresno Falcons : RHP Reginald Clark
Batting: LHB Tony Wichmann 0-0: Foul Ball, location: 2F
0-1: Ball
1-1: Ball
2-1: Ball
3-1: Foul Ball, location: 9LSF
3-2: Fly out, F8 (Flyball, 8LM, EV 79.4 MPH)
Batting: SHB Beau Koss 0-0: Ball
1-0: Called Strike
1-1: DOUBLE (Groundball, 3L, EV 106.9 MPH)
Batting: RHB Echo Warren 0-0: Ball
1-0: Ball
2-0: Ball
3-0: Ground out 1-3 (Groundball, P, EV 65.0 MPH)
Batting: RHB Andy Kiser 0-0: Ball
1-0: Fly out, F8 (Flyball, 78M, EV 83.8 MPH)
Top of the 5th over - 0 runs, 1 hit, 0 errors, 1 left on base; Vancouver 0 - Fresno 3
BOTTOM OF THE 5TH
Fresno Falcons batting - Pitching for Vancouver Cascades : RHP Hugo Luevano
Batting: RHB José Ángel Ayon 0-0: Ball
1-0: Called Strike
1-1: Swinging Strike
1-2: Strikes out swinging
Batting: SHB John Wheeler 0-0: Ball
1-0: Swinging Strike
1-1: Called Strike
1-2: Strikes out looking
Batting: RHB Zach Pryor 0-0: Ball
1-0: Called Strike
1-1: TRIPLE (Flyball, 7LD, EV 94.4 MPH)
Batting: RHB Aryan Christopherson 0-0: Called Strike
0-1: Ball
1-1: Fly out, F8 (Flyball, 8RD, EV 111.3 MPH)
Bottom of the 5th over - 0 runs, 1 hit, 0 errors, 1 left on base; Vancouver 0 - Fresno 3
TOP OF THE 6TH
Vancouver Cascades batting - Pitching for Fresno Falcons : RHP Reginald Clark
Batting: RHB Jessie Cochran 0-0: Called Strike
0-1: Ball
1-1: Ground out 6-3 (Groundball, 6, EV 112.5 MPH)
Batting: LHB Jakob Nero 0-0: Called Strike
0-1: Called Strike
0-2: Strikes out swinging
Batting: LHB Tony Patino 0-0: Foul Ball, location: 2F
0-1: Swinging Strike
0-2: Strikes out swinging
Top of the 6th over - 0 runs, 0 hits, 0 errors, 0 left on base; Vancouver 0 - Fresno 3
BOTTOM OF THE 6TH
Fresno Falcons batting - Pitching for Vancouver Cascades : RHP Hugo Luevano
Batting: LHB Juan Oliu 0-0: Ball
1-0: Foul Ball, location: 7LDF
1-1: Foul Ball, location: 7LDF
1-2: Strikes out swinging
Batting: LHB Connor Pla 0-0: Called Strike
0-1: Foul Ball, location: 3FF
0-2: Strikes out swinging
Batting: RHB Apolo Tussey 0-0: Foul Ball, location: 23F
0-1: SINGLE (Line Drive, 4MD, EV 103.1 MPH)
Batting: RHB Eric Alvares 0-0: Ball
1-0: Ball
2-0: Called Strike
2-1: Foul Ball, location: 2F
2-2: Strikes out swinging
Bottom of the 6th over - 0 runs, 1 hit, 0 errors, 1 left on base; Vancouver 0 - Fresno 3
TOP OF THE 7TH
Vancouver Cascades batting - Pitching for Fresno Falcons : RHP Reginald Clark
Batting: LHB Frank Hare 0-0: Ball
1-0: Fly out, F7 (Flyball, 7D, EV 95.6 MPH)
Batting: LHB Lawrence Carla 0-0: Called Strike
0-1: Ball
1-1: Called Strike
1-2: Ball
2-2: Ground out U3 (Groundball, 3, EV 79.4 MPH)
Batting: LHB Tony Wichmann 0-0: Called Strike
0-1: Called Strike
0-2: Strikes out swinging
Top of the 7th over - 0 runs, 0 hits, 0 errors, 0 left on base; Vancouver 0 - Fresno 3
BOTTOM OF THE 7TH
Fresno Falcons batting - Pitching for Vancouver Cascades : RHP Hugo Luevano
Batting: LHB Everett Hardin 0-0: Ball
1-0: Called Strike
1-1: SINGLE (Groundball, 6MD, EV 100.6 MPH)
Batting: RHB José Ángel Ayon 0-0: Ball
1-0: Ball
2-0: Fielders Choice at 2nd, 3-6 (Groundball, 3S, EV 86.9 MPH)
Batting: SHB John Wheeler 0-0: Called Strike
0-1: SINGLE (Groundball, 34S, EV 81.9 MPH) (infield hit)
José Ángel Ayon to second
Batting: RHB Zach Pryor 0-0: Called Strike
0-1: Foul Ball, location: 2F
0-2: Foul Ball, location: 2F
0-2: Ball
1-2: Strikes out swinging
Batting: RHB Aryan Christopherson 0-0: Called Strike
0-1: Fielders Choice at 2nd, 5-4 (Groundball, 56, EV 101.3 MPH)
Bottom of the 7th over - 0 runs, 2 hits, 0 errors, 2 left on base; Vancouver 0 - Fresno 3
TOP OF THE 8TH
Vancouver Cascades batting - Pitching for Fresno Falcons : RHP Reginald Clark
Batting: SHB Beau Koss 0-0: Ball
1-0: Ground out 4-3 (Groundball, 34D, EV 103.1 MPH)
Batting: RHB Echo Warren 0-0: Ball
1-0: Ball
2-0: Ball
3-0: Base on Balls
Pitching: RHP Gregg Walters
Batting: RHB Andy Kiser 0-0: Ball
1-0: Called Strike
1-1: Fly out, F8 (Flyball, 8RXD, EV 90.6 MPH)
Batting: RHB Jessie Cochran 0-0: 2-RUN HOME RUN (Flyball, 7D, EV 100.0 MPH), Distance : 376 ft
Batting: LHB Jakob Nero 0-0: Foul Ball, location: 2F
0-1: Foul Ball, location: 2F
0-2: Ball
1-2: Foul Ball, location: 2F
1-2: Strikes out swinging
Top of the 8th over - 2 runs, 1 hit, 0 errors, 0 left on base; Vancouver 2 - Fresno 3
BOTTOM OF THE 8TH
Fresno Falcons batting - Pitching for Vancouver Cascades : RHP Hugo Luevano
Batting: LHB Juan Oliu 0-0: Ball
1-0: Called Strike
1-1: Ball
2-1: SINGLE (Groundball, 34D, EV 96.9 MPH)
Pitching: LHP Chris Kazan
Batting: LHB Connor Pla 0-0: Ball
1-0: Swinging Strike
1-1: Called Strike
1-2: Foul Ball, location: 2F
1-2: Ball
2-2: Ball
3-2: Foul Ball, location: 2LF
3-2: Foul Ball, location: 7LSF
3-2: Base on Balls
Juan Oliu to second
Batting: RHB Apolo Tussey 0-0: Ball
1-0: Foul Ball, location: 3F
1-1: Called Strike
1-2: Ball
2-2: Fly out, F7 (Flyball, 78D, EV 98.1 MPH)
Batting: RHB Eric Alvares 0-0: Ball
1-0: Foul Ball, location: 5SF
1-1: Ball
2-1: DOUBLE (Flyball, 89D, EV 91.9 MPH)
Juan Oliu scores
Connor Pla to third
Runner from 3rd tries for Home, SAFE, throw by CF to trailing runner, OUT at third! 8-3-5
Batting: LHB Everett Hardin 0-0: Called Strike
0-1: Ball
1-1: Fly out, F7 (Flyball, 7, EV 87.5 MPH)
Bottom of the 8th over - 2 runs, 2 hits, 0 errors, 0 left on base; Vancouver 2 - Fresno 5
TOP OF THE 9TH
Vancouver Cascades batting - Pitching for Fresno Falcons : RHP Gregg Walters
Batting: LHB Tony Patino 0-0: Fly out, F6 (Line Drive, 6, EV 66.9 MPH)
Batting: LHB Frank Hare 0-0: Ball
1-0: Ball
2-0: Foul Ball, location: 7LSF
2-1: Swinging Strike
2-2: Ball
3-2: Foul Ball, location: 3FF
3-2: SINGLE (Groundball, 34D, EV 98.8 MPH)
Batting: LHB Lawrence Carla 0-0: Called Strike
0-1: Foul Ball, location: 3F
0-2: Strikes out swinging
Pitching: RHP Jaden Vinson
Batting: LHB Tony Wichmann 0-0: Ball
Wild Pitch!
Frank Hare to second
1-0: Foul Ball, location: 2F
1-1: Foul Ball, location: 7LSF
1-2: Strikes out looking
Top of the 9th over - 0 runs, 1 hit, 0 errors, 1 left on base; Vancouver 2 - Fresno 5
Wednesday, March 27th , 2024 - OOTP Baseball 24.11 Build 85